TOP OF THE 1ST |
Jersey Shore D-Bags batting - Pitching for Vista Panthers : RHP Randy Mailman
|
Pitching: RHP Randy Mailman
|
|
Batting: RHB Ricardo González
|
0-0: Ground out 4-3 (Groundball, 4M)
|
Batting: RHB Millard Boyd
|
0-0: Called Strike 0-1: Foul Ball, location: 2F 0-2: Ball 1-2: Fly out, F7 (Flyball, 7S)
|
Batting: LHB Dave Dodd
|
0-0: Ball 1-0: Ball 2-0: Ball 3-0: Called Strike 3-1: Swinging Strike 3-2: Foul Ball, location: 2F 3-2: Ground out 5-3 (Groundball, 56)
|
Top of the 1st over - 0 run(s), 0 hit(s), 0 error(s), 0 left on base; Jersey Shore 0 - Vista 0 |
BOTTOM OF THE 1ST |
Vista Panthers batting - Pitching for Jersey Shore D-Bags : RHP Sergio Martínez
|
Pitching: RHP Sergio Martínez
|
|
Batting: RHB Justin Burgess
|
0-0: Ball 1-0: Called Strike 1-1: Fly out, F9 (Flyball, 9D)
|
Batting: LHB Brent Alonzo
|
0-0: Ground out 3-1 (Groundball, 34S)
|
Batting: LHB Patrick Osborne
|
0-0: SINGLE (Groundball, 5D)
|
Batting: SHB Mark Wells
|
0-0: Foul Ball, location: 2F 0-1: Foul Ball, location: 2F 0-2: Ball 1-2: Foul Ball, location: 2F 1-2: Strikes out swinging
|
Bottom of the 1st over - 0 run(s), 1 hit(s), 0 error(s), 1 left on base; Jersey Shore 0 - Vista 0 |
TOP OF THE 2ND |
Jersey Shore D-Bags batting - Pitching for Vista Panthers : RHP Randy Mailman
|
Batting: RHB Miguel Serna
|
0-0: Ball 1-0: Ground out 5-3 (Groundball, 5)
|
Batting: LHB Dave Watt
|
0-0: Called Strike 0-1: Ball 1-1: Swinging Strike 1-2: Foul Ball, location: 2F 1-2: Foul Ball, location: 2F 1-2: Ball 2-2: Ball 3-2: Strikes out looking
|
Batting: RHB Alfredo Rivera
|
0-0: Ball 1-0: Fly out, F4 (Line Drive, 4M)
|
Top of the 2nd over - 0 run(s), 0 hit(s), 0 error(s), 0 left on base; Jersey Shore 0 - Vista 0 |
BOTTOM OF THE 2ND |
Vista Panthers batting - Pitching for Jersey Shore D-Bags : RHP Sergio Martínez
|
Batting: LHB Bob Cunningham
|
0-0: Fly out, F9 (Flyball, 9LS)
|
Batting: RHB Luis Martínez
|
0-0: Ball 1-0: Ball 2-0: Ball 3-0: Called Strike 3-1: Ground out 1-3 (Groundball, 15)
|
Batting: LHB Ray Bryant
|
0-0: Foul Ball, location: 2F 0-1: Fly out, F8 (Flyball, 8LS)
|
Bottom of the 2nd over - 0 run(s), 0 hit(s), 0 error(s), 0 left on base; Jersey Shore 0 - Vista 0 |
TOP OF THE 3RD |
Jersey Shore D-Bags batting - Pitching for Vista Panthers : RHP Randy Mailman
|
Batting: RHB Luis Ríos
|
0-0: SINGLE (Groundball, 56D)
|
Batting: LHB Robert Phillips
|
0-0: Swinging Strike 0-1: Ball 1-1: Foul Ball, location: 2F 1-2: Strikes out looking
|
Batting: RHB Cy Keynes
|
0-0: Ball 1-0: Ball 2-0: Called Strike 2-1: Called Strike 2-2: Foul Ball, location: 2F 2-2: Ball 3-2: Foul Ball, location: 2F 3-2: Fly out, F3 (Line Drive, 3L) Lined into DP, U3 (Line Drive, 3L)
|
Top of the 3rd over - 0 run(s), 1 hit(s), 0 error(s), 0 left on base; Jersey Shore 0 - Vista 0 |
BOTTOM OF THE 3RD |
Vista Panthers batting - Pitching for Jersey Shore D-Bags : RHP Sergio Martínez
|
Batting: LHB Francisco Marino
|
0-0: Foul Ball, location: 2F 0-1: Ball 1-1: Ball 2-1: Swinging Strike 2-2: Single, Error in OF, E8, batter to second base
|
Batting: LHB Greg Schultz
|
0-0: Ball 1-0: Ball 2-0: Swinging Strike 2-1: Ball 3-1: Called Strike 3-2: Strikes out swinging
|
Batting: RHB Justin Burgess
|
0-0: Called Strike 0-1: Foul Ball, location: 2F 0-2: Ball 1-2: Strikes out swinging
|
Batting: LHB Brent Alonzo
|
0-0: Ball 1-0: Ball 2-0: Reached via error on a dropped throw, E3 Francisco Marino to third
|
Batting: LHB Patrick Osborne
|
0-0: Swinging Strike 0-1: Called Strike 0-2: Foul Ball, location: 2F 0-2: Ball 1-2: Fielders Choice at 2nd, U6 (Groundball, 6M)
|
Bottom of the 3rd over - 0 run(s), 1 hit(s), 2 error(s), 2 left on base; Jersey Shore 0 - Vista 0 |
TOP OF THE 4TH |
Jersey Shore D-Bags batting - Pitching for Vista Panthers : RHP Randy Mailman
|
Batting: RHB Ricardo González
|
0-0: Foul Ball, location: 2F 0-1: Ball 1-1: Swinging Strike 1-2: Ball 2-2: Ball 3-2: Foul Ball, location: 2F 3-2: Fly out, F8 (Flyball, 8RM)
|
Batting: RHB Millard Boyd
|
0-0: Fly out, F9 (Flyball, 9LS)
|
Batting: LHB Dave Dodd
|
0-0: Called Strike 0-1: Ball 1-1: Foul Ball, location: 2F 1-2: Ball 2-2: Foul Ball, location: 2F 2-2: Fly out, F9 (Flyball, 89S)
|
Top of the 4th over - 0 run(s), 0 hit(s), 0 error(s), 0 left on base; Jersey Shore 0 - Vista 0 |
BOTTOM OF THE 4TH |
Vista Panthers batting - Pitching for Jersey Shore D-Bags : RHP Sergio Martínez
|
Batting: SHB Mark Wells
|
0-0: Ball 1-0: Ball 2-0: SINGLE (Groundball, 56S) (infield hit)
|
Batting: LHB Bob Cunningham
|
0-0: Ball Mark Wells is caught stealing 2nd base 1-0: Foul Ball, location: 2F 1-1: Ball 2-1: Fly out, F4 (Line Drive, 34)
|
Batting: RHB Luis Martínez
|
0-0: Called Strike 0-1: Swinging Strike 0-2: Strikes out swinging
|
Bottom of the 4th over - 0 run(s), 1 hit(s), 0 error(s), 0 left on base; Jersey Shore 0 - Vista 0 |
TOP OF THE 5TH |
Jersey Shore D-Bags batting - Pitching for Vista Panthers : RHP Randy Mailman
|
Batting: RHB Miguel Serna
|
0-0: Ground out 4-3 (Groundball, 4)
|
Batting: LHB Dave Watt
|
0-0: Ball 1-0: Swinging Strike 1-1: Ground out U3 (Groundball, 3)
|
Batting: RHB Alfredo Rivera
|
0-0: Ball 1-0: Foul Ball, location: 2F 1-1: Ball 2-1: Swinging Strike 2-2: Ball 3-2: Strikes out swinging
|
Top of the 5th over - 0 run(s), 0 hit(s), 0 error(s), 0 left on base; Jersey Shore 0 - Vista 0 |
BOTTOM OF THE 5TH |
Vista Panthers batting - Pitching for Jersey Shore D-Bags : RHP Sergio Martínez
|
Batting: LHB Ray Bryant
|
0-0: Fly out, F8 (Flyball, 8LD)
|
Batting: LHB Francisco Marino
|
0-0: Ball 1-0: Foul Ball, location: 2F 1-1: Ball 2-1: Foul Ball, location: 2F 2-2: SINGLE (Groundball, 4MD)
|
Batting: LHB Greg Schultz
|
0-0: Called Strike 0-1: Called Strike 0-2: Ball 1-2: Ball 2-2: SINGLE (Groundball, 34D) Francisco Marino to second Runner from 2nd tries for 3rd, SAFE, no throw
|
Batting: RHB Justin Burgess
|
0-0: Ball 1-0: Called Strike 1-1: Called Strike 1-2: Fly out, F8 (Line Drive, 78M) Runner from 3rd tags up, SCORES, no throw
|
Batting: LHB Brent Alonzo
|
0-0: Ball 1-0: Called Strike 1-1: Ball 2-1: Fielders Choice at 2nd, U6 (Groundball, 6M)
|
Bottom of the 5th over - 1 run(s), 2 hit(s), 0 error(s), 1 left on base; Jersey Shore 0 - Vista 1 |
TOP OF THE 6TH |
Jersey Shore D-Bags batting - Pitching for Vista Panthers : RHP Randy Mailman
|
Batting: RHB Luis Ríos
|
0-0: Ball 1-0: Foul Ball, location: 2F 1-1: Ground out 6-3 (Groundball, 6)
|
Batting: LHB Robert Phillips
|
0-0: Called Strike 0-1: Ball 1-1: Fly out, F7 (Flyball, 7)
|
Batting: RHB Cy Keynes
|
0-0: Ball 1-0: Foul Ball, location: 2F 1-1: Called Strike 1-2: Ball 2-2: Strikes out looking
|
Top of the 6th over - 0 run(s), 0 hit(s), 0 error(s), 0 left on base; Jersey Shore 0 - Vista 1 |
BOTTOM OF THE 6TH |
Vista Panthers batting - Pitching for Jersey Shore D-Bags : RHP Sergio Martínez
|
Batting: LHB Patrick Osborne
|
0-0: Ball 1-0: Called Strike 1-1: Called Strike 1-2: Ball 2-2: Ball 3-2: Fly out, F7 (Line Drive, 7)
|
Batting: SHB Mark Wells
|
0-0: Ball 1-0: DOUBLE (Groundball, 3L)
|
Batting: LHB Bob Cunningham
|
0-0: Intentional Walk
|
Batting: RHB Luis Martínez
|
0-0: Ball 1-0: Foul Ball, location: 2F 1-1: Fly out, F8 (Flyball, 8LM)
|
Batting: LHB Ray Bryant
|
0-0: Called Strike 0-1: Ball 1-1: Ball 2-1: Ball 3-1: Base on Balls Mark Wells to third Bob Cunningham to second
|
Batting: LHB Francisco Marino
|
0-0: Foul Ball, location: 2F 0-1: Ground out 3-1 (Groundball, 34S)
|
Bottom of the 6th over - 0 run(s), 1 hit(s), 0 error(s), 3 left on base; Jersey Shore 0 - Vista 1 |
TOP OF THE 7TH |
Jersey Shore D-Bags batting - Pitching for Vista Panthers : RHP Randy Mailman
|
Now at 1B: Roberto Cruz
|
|
Batting: RHB Ricardo González
|
0-0: Ball 1-0: Ground out 6-3 (Groundball, 6D)
|
Batting: RHB Millard Boyd
|
0-0: Ball 1-0: Foul Ball, location: 2F 1-1: Foul Ball, location: 2F 1-2: Foul Ball, location: 2F 1-2: Foul Ball, location: 2F 1-2: Ball 2-2: Fly out, F7 (Flyball, 7S)
|
Batting: LHB Dave Dodd
|
0-0: Called Strike 0-1: Ball 1-1: Called Strike 1-2: Strikes out swinging
|
Top of the 7th over - 0 run(s), 0 hit(s), 0 error(s), 0 left on base; Jersey Shore 0 - Vista 1 |
TOP OF THE 8TH |
Jersey Shore D-Bags batting - Pitching for Vista Panthers : RHP Randy Mailman
|
Now at 2B: Griswold Coleman
|
|
Batting: RHB Miguel Serna
|
0-0: Ball 1-0: Ball 2-0: Called Strike 2-1: Fly out, F9 (Flyball, 9LS)
|
Batting: LHB Dave Watt
|
0-0: Foul Ball, location: 2F 0-1: Swinging Strike 0-2: Ball 1-2: Strikes out looking
|
Batting: RHB Alfredo Rivera
|
0-0: Fly out, F8 (Flyball, 89M)
|
Top of the 8th over - 0 run(s), 0 hit(s), 0 error(s), 0 left on base; Jersey Shore 0 - Vista 1 |
BOTTOM OF THE 8TH |
Vista Panthers batting - Pitching for Jersey Shore D-Bags : RHP Cristóbal Santos
|
Batting: RHB Roberto Cruz
|
0-0: Ball 1-0: Called Strike 1-1: Called Strike 1-2: Ball 2-2: Fly out, F7 (Flyball, 7LS)
|
Batting: LHB Ray Bryant
|
0-0: Foul Ball, location: 2F 0-1: Swinging Strike 0-2: Ball 1-2: Strikes out swinging
|
Batting: LHB Francisco Marino
|
0-0: Called Strike 0-1: Ball 1-1: Ball 2-1: Ball 3-1: Called Strike 3-2: Base on Balls
|
Batting: LHB Greg Schultz
|
0-0: Fly out, F4 (Flyball, 4D)
|
Bottom of the 8th over - 0 run(s), 0 hit(s), 0 error(s), 1 left on base; Jersey Shore 0 - Vista 1 |
TOP OF THE 9TH |
Jersey Shore D-Bags batting - Pitching for Vista Panthers : RHP Randy Mailman
|
Pitching: RHP David Simpson
|
|
Pinch Hitting: LHB Pat Zimmerman
|
0-0: Fly out, F7 (Flyball, 7S)
|
Batting: LHB Robert Phillips
|
0-0: Called Strike 0-1: Ball 1-1: Ball 2-1: Foul Ball, location: 2F 2-2: SINGLE (Flyball, 8LS)
|
Pinch Hitting: LHB Albert Morgan
|
0-0: Called Strike 0-1: Ball 1-1: Ball 2-1: Fly out, F8 (Flyball, 8RD)
|
Batting: RHB Ricardo González
|
0-0: Foul Ball, location: 2F 0-1: Ball 1-1: Ball 2-1: Foul Ball, location: 2F 2-2: Ball 3-2: Ground out 4-3 (Groundball, 4)
|
Top of the 9th over - 0 run(s), 1 hit(s), 0 error(s), 1 left on base; Jersey Shore 0 - Vista 1 |
|